 Dungeon Crawl Stone Soup version 0.24-a0-368-g0e0cebd0f3 (console) character file.

Game seed: 7419104658022653699

3563 Lexodia the Grappler (level 9, -3/84 HPs)
             Began as a Troll Monk on May 29, 2019.
             Was a Priest of Okawaru.
             Killed by miscasting Regeneration (15 damage)
             ... on level 8 of the Dungeon.
             The game lasted 00:13:51 (5253 turns).

Lexodia the Grappler (Troll Monk)                   Turns: 5253, Time: 00:13:52

Health: -3/84      AC:  8    Str: 24    XL:     9   Next: 83%
Magic:  0/10       EV: 11    Int:  6    God:    Okawaru [***...]
Gold:   239        SH:  0    Dex: 12    Spells: 8/11 levels left

rFire    . . .     SeeInvis +     - Unarmed
rCold    . . .     Gourm    +   (no shield)
rNeg     . . .     Faith    +   a - +0 robe
rPois    .         Spirit   .   (helmet restricted)
rElec    .         Reflect  .   p - +1 cloak
rCorr    .         Harm     .   (gloves unavailable)
MR       .....                  (boots unavailable)
Stlth    +.........             y - amulet of faith
HPRegen  0.64/turn              x - ring of see invisible
MPRegen  0.12/turn              (no ring)

@: lethally poisoned (-3 -> -3), very slightly contaminated, glowing, lightly
drained
A: large, unfitting armour, claws 3, fast metabolism 3, gourmand, regeneration
1, shaggy fur 1, tough skin 3
a: Heroism, Renounce Religion


You were on level 8 of the Dungeon.
You worshipped Okawaru.
Okawaru was most pleased with you.
You were very full.

You visited 2 branches of the dungeon, and saw 9 of its levels.

You collected 382 gold pieces.
You spent 143 gold pieces at shops.

Inventory:

Missiles
 g - 281 stones
 l - 4 large rocks (quivered)
 u - 7 javelins
 G - 2 boomerangs of dispersal
Armour
 a - a +0 robe (worn)
 p - a +1 cloak (worn)
Jewellery
 x - a ring of see invisible (left claw)
 y - an amulet of faith (around neck)
 E - an uncursed amulet of the acrobat {unknown}
Wands
 t - a wand of polymorph (14)
 v - a wand of iceblast (20)
 w - a wand of flame (17)
 A - a wand of paralysis (13)
Scrolls
 j - a scroll of enchant armour
 r - 2 scrolls of fear
 B - 3 scrolls of remove curse
 C - a scroll of blinking {unknown}
 D - a scroll of amnesia
 F - 2 scrolls of enchant weapon
 H - a scroll of torment {unknown}
Potions
 c - a potion of heal wounds
 d - a potion of agility
 e - a potion of berserk rage
 f - a potion of cancellation {unknown}
 h - 2 potions of curing
 i - 3 potions of haste
 k - a potion of invisibility {unknown}
 m - a potion of resistance {unknown}
 n - 2 potions of flight
 o - 2 potions of brilliance {unknown}
 q - 2 potions of magic {unknown}
 s - a potion of ambrosia {unknown}
 z - a potion of degeneration {unknown}
Comestibles
 b - 14 rations
 I - 5 chunks of flesh


   Skills:
 - Level 4.0(3.4) Fighting
 + Level 4.7(4.1) Throwing
 - Level 1.0(0.5) Armour
 - Level 4.0(3.4) Dodging
 - Level 3.0(2.4) Stealth
 * Level 8.4(7.8) Unarmed Combat
 + Level 1.6(1.1) Spellcasting
 + Level 1.8(1.3) Charms
 - Level 3.0(2.4) Necromancy
 + Level 1.5(1.0) Invocations
 + Level 2.9(2.3) Evocations


You had 8 spell levels left.
You knew the following spells:

 Your Spells              Type           Power        Failure   Level  Hunger
a - Regeneration          Chrm/Necr      #.........   52%         3    ####...

Your spell library contained the following spells:

 Spells                   Type           Power        Failure   Level  Hunger
 Animate Skeleton         Necr           N/A          16%         1    ##.....
 Pain                     Necr           #...         16%         1    ##.....
 Vampiric Draining        Necr           #.........   43%         3    ####...
 Animate Dead             Necr           N/A          85%         4    #####..


Dungeon Overview and Level Annotations

Branches:
Dungeon (8/15)             Temple (1/1) D:7            Lair (0/6) D:8

Altars:
Ashenzari
Cheibriados
Elyvilon
Fedhas
Gozag
Hepliaklqana
Kikubaaqudgha
Nemelex Xobeh
Okawaru
Qazlal
Ru
Sif Muna
Trog
Uskayaw
Vehumet
Wu Jian
Xom
Yredelemnul

Shops:
D:5 *


Innate Abilities, Weirdness & Mutations

You are too large for most types of armour.
You have claws for hands.
Your metabolism is lightning-fast.
You like to eat raw meat.
Your natural rate of healing is unusually fast.
You are covered in fur. (AC +1)
You have extremely tough skin. (AC +3)


Message History

You feel sick.
Damage: -2%(-1hp) hp: 6%(5hp) Unknown command.
Casting: Regeneration (quite dangerous; 52% risk of failure)
Confirm with . or Enter, or press ? or * to list all spells.
You miscast Regeneration.
Nothing appears to happen.
Casting: Regeneration (quite dangerous; 52% risk of failure)
Confirm with . or Enter, or press ? or * to list all spells.
You miscast Regeneration.
You are outlined in light.
You feel sick.
You feel sick.
Damage: -1%(-1hp) hp: 8%(6hp)
You feel sick.
Damage: -1%(-1hp) hp: 9%(7hp)
You feel sick.
You feel sick.
Damage: -2%(-1hp) hp: 12%(10hp)
Casting: Regeneration (quite dangerous; 52% risk of failure)
Confirm with . or Enter, or press ? or * to list all spells.
You miscast Regeneration.
Pain shoots through your body!
You die...

#.............#
##............#
##..........##
###.......##
###....##
##..### ##..##
##..## #.@##
#.)## .....
....... ....#..
...##.. ..# ##.
.# ##


There were no monsters in sight!

Vanquished Creatures
  A hippogriff (D:7)
  A hungry ghost (D:6)
  Menkaure (D:5)
  Edmund (D:6)
  An ice beast (D:7)
  A phantom (D:6)
  2 sky beasts
  4 ogres
  A necrophage (D:7)
  The ghost of firegrace the Digger, an amateur DrEE of Wu Jian (D:3)
  3 centaurs
  2 bullfrogs
  A wyvern zombie (D:6)
  2 scorpions
  9 killer bees
  8 wights
  2 howler monkeys
  3 crimson imps
  A bullfrog zombie (D:6)
  A quasit (D:5)
  3 hounds
  3 bullfrog skeletons
  Jessica (D:2)
  2 iguanas
  5 orc wizards
  2 worker ants
  2 hound skeletons
  13 adders
  2 oozes
  An adder zombie (D:7)
  5 leopard geckos
  15 orcs
  5 bats
  2 giant cockroaches
  4 goblins
  10 hobgoblins
  11 jackals
  3 ball pythons
  A ball python zombie (D:5)
  9 frilled lizards
  8 kobolds
  A leopard gecko skeleton (D:3)
  5 rats
  A butterfly (D:7)
160 creatures vanquished.

Vanquished Creatures (others)
  4 toadstools (D:1)
4 creatures vanquished.

Grand Total: 164 creatures vanquished

Notes
Turn   | Place    | Note
-------+----------+-------------------------------------------
     0 | D:1      | Lexodia the Troll Monk began the quest for the Orb.
     0 | D:1      | Reached XP level 1. HP: 22/22 MP: 0/0
   180 | D:1      | Reached XP level 2. HP: 27/29 MP: 1/1
   818 | D:2      | Reached XP level 3. HP: 36/36 MP: 2/2
   837 | D:2      | Huge Dmg: 9 dmg
   985 | D:2      | Noticed Jessica
   991 | D:2      | Killed Jessica
  1026 | D:2      | Reached XP level 4. HP: 44/44 MP: 3/3
  1095 | D:2      | Reached skill level 1 in Throwing
  1201 | D:2      | Reached skill level 1 in Armour
  1536 | D:3      | Reached skill level 4 in Unarmed Combat
  1590 | D:3      | Reached XP level 5. HP: 52/52 MP: 4/4
  1788 | D:3      | Found a runed translucent gate.
  1789 | D:3      | Found a runed translucent gate.
  1789 | D:3      | Found an opulent altar of Gozag.
  1790 | D:3      | Found a runed translucent gate.
  1791 | D:3      | Noticed firegrace's ghost (amateur DrEE)
  1823 | D:3      | Killed firegrace's ghost
  1827 | D:3      | Reached XP level 6. HP: 57/61 MP: 5/5
  2289 | D:4      | Huge Dmg: 12 dmg
  2289 | D:4      | Reached skill level 5 in Unarmed Combat
  2373 | D:4      | Reached XP level 7. HP: 67/67 MP: 6/6
  2668 | D:4      | Huge Dmg: 15 dmg
  2999 | D:5      | Entered Level 5 of the Dungeon
  3212 | D:5      | Noticed Menkaure
  3217 | D:5      | Huge Dmg: 21 dmg
  3220 | D:5      | Huge Dmg: 22 dmg
  3224 | D:5      | Huge Dmg: 17 dmg
  3224 | D:5      | Killed Menkaure
  3617 | D:5      | Found Icucko's General Store.
  3620 | D:5      | Bought a wand of paralysis (7) for 99 gold pieces
  3772 | D:5      | Bought a scroll of identify for 22 gold pieces
  3772 | D:5      | Bought a scroll of identify for 22 gold pieces
  3801 | D:6      | Huge Dmg: 18 dmg
  3804 | D:6      | Huge Dmg: 25 dmg
  3804 | D:6      | Reached skill level 6 in Unarmed Combat
  3886 | D:6      | Noticed a hungry ghost
  3889 | D:6      | Killed a hungry ghost
  3889 | D:6      | Reached XP level 8. HP: 78/78 MP: 7/7
  3931 | D:6      | Reached skill level 1 in Evocations
  3977 | D:6      | Noticed Edmund
  3982 | D:6      | Huge Dmg: 16 dmg
  3982 | D:6      | Killed Edmund
  3984 | D:6      | Reached skill level 7 in Unarmed Combat
  4078 | D:6      | Learned a level 3 spell: Regeneration
  4176 | D:6      | Reached skill level 1 in Necromancy
  4279 | D:7      | Found a stormy altar of Qazlal.
  4309 | D:7      | Reached XP level 9. HP: 84/84 MP: 9/9
  4356 | D:7      | Reached skill level 1 in Spellcasting
  4356 | D:7      | Reached skill level 1 in Charms
  4475 | D:7      | Found a staircase to the Ecumenical Temple.
  4492 | Temple   | Entered the Ecumenical Temple
  4573 | Temple   | Became a worshipper of Warmaster Okawaru
  4573 | Temple   | Reached * piety under Okawaru
  4573 | Temple   | Reached ** piety under Okawaru
  4776 | D:7      | Reached skill level 8 in Unarmed Combat
  4954 | D:8      | Found a staircase to the Lair.
  5005 | D:8      | Reached skill level 1 in Invocations
  5204 | D:8      | Huge Dmg: 27 dmg
  5209 | D:8      | Huge Dmg: 10 dmg
  5210 | D:8      | Huge Dmg: 5 dmg
  5220 | D:8      | Huge Dmg: 9 dmg
  5222 | D:8      | Huge Dmg: 4 dmg
  5223 | D:8      | Huge Dmg: 2 dmg
  5223 | D:8      | Reached *** piety under Okawaru
  5253 | D:8      | Killed by miscasting Regeneration

Levels and vault maps discovered:
D:1:      ldierk_walled_garden_2, layout_basic, hangedman_decor_diamond_cutter,
          st_stairs_10
D:2:      layout_loops_ring, first_ration, uniq_jessica
D:3:      layout_basic, ebering_ghost_gozag, minmay_stone_trees_small
D:4:      layout_basic
D:5:      layout_gridville, serial_shops, nicolae_shop_behind_doors,
          hangedman_decor_clover_reticule, nrook_mini_vaults, uniq_menkaure
D:6:      layout_rooms, uniq_edmund
D:7:      layout_basic, minmay_temple_entry_butterflies,
          nicolae_qazlal_general_emergency
D:8:      layout_cave_pods, dpeg_oklobed_lair
Temple:   regret_index_temple_chain_breaker

Skill      XL: |  1  2  3  4  5  6  7  8  9 |
---------------+----------------------------+-----
Throwing       | 1 2 3 4 |  4.7
Armour         | 1 |  1.0
Unarmed Combat | 4 5 6 7 8 |  8.4
Fighting       | 3 4 |  4.0
Dodging        | 3 4 |  4.0
Stealth        | 2 3 |  3.0
Evocations     | 2 |  2.9
Necromancy     | 1 3 |  3.0
Spellcasting   | 1 |  1.6
Charms         | 1 |  1.8
Invocations    | 1 |  1.5

Action                   |  1- 3 |  4- 6 |  7- 9 || total
-------------------------+-------+-------+-------++-------
Melee: Unarmed           |    60 |   164 |   278 ||   502
       Punch             |     1 |     3 |     7 ||    11
Throw: Large rock        |       |       |    16 ||    16
       Stone             |       |       |     8 ||     8
Invok: Heroism           |       |       |     1 ||     1
  Use: Scroll            |       |     9 |     7 ||    16
       Potion            |       |       |     1 ||     1
 Stab: Sleeping          |     1 |     3 |     2 ||     6
       Distracted        |       |       |     1 ||     1
  Eat: Chunk             |    12 |    15 |    26 ||    53
Armor: Robe              |    30 |    67 |   112 ||   209
Dodge: Dodged            |    38 |   102 |   183 ||   323

Table legend:
 A = Non-vault XP
 B = Vault XP
 C = Vault XP percentage of total XP
 D = Non-vault monster count
 E = Vault monster count
 F = Vault count percentage of total count
                 A         B        C        D         E       F
            +---------+---------+-------+---------+---------+-------
      Total |    4588 |     502 |   9.9 |     148 |      11 |   6.9
            +---------+---------+-------+---------+---------+-------
        D:1 |      31 |       6 |  16.2 |      15 |       4 |  21.1
        D:2 |      78 |      37 |  32.2 |      12 |       1 |   7.7
        D:3 |     137 |     129 |  48.5 |      31 |       4 |  11.4
        D:4 |     548 |       0 |   0.0 |      19 |       0 |   0.0
        D:5 |     134 |     172 |  56.2 |      10 |       1 |   9.1
        D:6 |    1262 |     158 |  11.1 |      19 |       1 |   5.0
        D:7 |    1470 |       0 |   0.0 |      23 |       0 |   0.0
        D:8 |     928 |       0 |   0.0 |      19 |       0 |   0.0
            +---------+---------+-------+---------+---------+-------
